[Event "ICC tourney 2605 (40 5)"]
[Site "Internet Chess Club"]
[Date "2021.06.13"]
[Round "4"]
[White "KAPLAN, AVI HARRISON:K09-15263943"]
[Black "HU, MERRIC:K09-14686967"]
[Result "1/2-1/2"]
[ICCResult "Game drawn by mutual agreement"]
[WhiteElo "2116"]
[BlackElo "2275"]
[Opening "King's Indian: Kramer system"]
[ECO "E70"]
[NIC "KI.31"]
[Time "11:00:32"]
[PlyCount "38"]
[TimeControl "2400+5"]

1. d4 Nf6 2. c4 g6 3. Nc3 Bg7 4. e4 d6 5. Nge2 O-O 6. Ng3 e5 7. d5 a5 8. h4
Na6 9. Be2 h5 10. Bg5 Qe8 11. Qd2 a4 12. Bh6 Kh7 13. Bxg7 Kxg7 14. O-O-O
Nc5 15. Nxh5+ Nxh5 16. Bxh5 gxh5 17. Qg5+ Kh7 18. Qxh5+ Kg7 19. Qg5+ Kh7 {
Game drawn by mutual agreement } 1/2-1/2

[Event "ICC tourney 2605 (40 5)"]
[Site "Internet Chess Club"]
[Date "2021.06.13"]
[Round "4"]
[White "EISENBRAUN, TYLER:K09-30031250"]
[Black "WANG, LILIAN:K09-15607273"]
[Result "0-1"]
[ICCResult "White checkmated"]
[WhiteElo "472"]
[BlackElo "1789"]
[Opening "Réti opening"]
[ECO "A05"]
[NIC "QP.11"]
[Time "11:00:13"]
[PlyCount "128"]
[TimeControl "2400+5"]

1. Nf3 Nf6 2. g3 Nc6 3. Bg2 e5 4. d3 d5 5. O-O Be6 6. c4 dxc4 7. Nc3 cxd3
8. Qxd3 Qxd3 9. exd3 O-O-O 10. Rd1 Bf5 11. Bg5 Rxd3 12. Rxd3 Bxd3 13. Rd1
Bc4 14. Bh3+ Be6 15. Bxe6+ fxe6 16. Kf1 Bc5 17. a3 h6 18. Be3 Bxe3 19. fxe3
Rd8 20. b4 Rxd1+ 21. Nxd1 a6 22. Nc3 Nd5 23. Nxd5 exd5 24. Ke2 Kd7 25. Nh4
Ke6 26. Ng6 Kf6 27. Nf8 b6 28. Kf3 Ne7 29. Nd7+ Ke6 30. Nf8+ Kd6 31. e4 d4
32. Ke2 c5 33. bxc5+ bxc5 34. h4 c4 35. Kd2 Ng8 36. Ng6 Nf6 37. h5 Nxh5 38.
g4 Nf6 39. Nh4 Nxe4+ 40. Kc2 d3+ 41. Kd1 c3 42. Nf3 Kd5 43. a4 Nf2+ 44. Ke1
d2+ 45. Nxd2 cxd2+ 46. Kxd2 Nxg4 47. a5 Kd4 48. Ke2 e4 49. Ke1 Ke3 50. Kd1
Kf2 51. Kd2 e3+ 52. Kd3 e2 53. Kc4 e1=Q 54. Kc5 Qxa5+ 55. Kc6 Qb5+ 56. Kd6
a5 57. Ke6 Qe5+ 58. Kf7 Qf6+ 59. Kg8 a4 60. Kh8 a3 61. Kh7 a2 62. Kh8 a1=Q
63. Kh7 Qb1+ 64. Kh8 Qf8# { White checkmated } 0-1

[Event "ICC tourney 2605 (40 5)"]
[Site "Internet Chess Club"]
[Date "2021.06.13"]
[Round "4"]
[White "UPPATHIL, ADITHYA SATISH:K09-30062860"]
[Black "BONDALAPATI, SRIVIBHAV:K09-16633657"]
[Result "0-1"]
[ICCResult "White checkmated"]
[WhiteElo "1667"]
[BlackElo "1101"]
[Opening "QGD: semi-Slav"]
[ECO "D10"]
[NIC "SL.06"]
[Time "11:00:04"]
[PlyCount "76"]
[TimeControl "2400+5"]

1. d4 d5 2. c4 c6 3. Nc3 e6 4. Bf4 Bb4 5. e3 Nf6 6. f3 Nh5 7. Bxb8 Rxb8 8.
Qd2 Bxc3 9. bxc3 Qh4+ 10. Qf2 Qxf2+ 11. Kxf2 dxc4 12. Bxc4 b5 13. Bd3 Nf6
14. Ne2 O-O 15. e4 a5 16. e5 Nd5 17. h4 Bd7 18. g4 Rfc8 19. Rag1 c5 20. f4
c4 21. Bc2 b4 22. cxb4 axb4 23. f5 b3 24. axb3 cxb3 25. Be4 Bb5 26. Bxd5
exd5 27. Rb1 Bd3 28. Nf4 Bxb1 29. Nxd5 Be4 30. Ne7+ Kf8 31. Nxc8 Bxh1 32.
e6 b2 33. e7+ Ke8 34. Nd6+ Kxe7 35. f6+ Kxd6 36. fxg7 b1=Q 37. g8=Q Qc2+
38. Kg1 Rb1# { White checkmated } 0-1

[Event "ICC tourney 2605 (40 5)"]
[Site "Internet Chess Club"]
[Date "2021.06.13"]
[Round "4"]
[White "OH, JAMES Y:K09-15146868"]
[Black "XIONG, LANG:K09-16344675"]
[Result "1-0"]
[ICCResult "Black resigns"]
[WhiteElo "2034"]
[BlackElo "1786"]
[Opening "Caro-Kann: advance variation"]
[ECO "B12"]
[NIC "CK.02"]
[Time "11:00:32"]
[PlyCount "47"]
[TimeControl "2400+5"]

1. e4 c6 2. d4 d5 3. e5 e6 4. Nc3 c5 5. Nf3 Nc6 6. Nb5 a6 7. Nc3 cxd4 8.
Ne2 Bc5 9. Bf4 Qb6 10. Ng3 Qxb2 11. Bd3 Nb4 12. O-O Nxd3 13. cxd3 Qb6 14.
Nh5 g6 15. Nf6+ Nxf6 16. exf6 Bd6 17. Ne5 Qd8 18. Rb1 Qxf6 19. Qa4+ b5 20.
Rxb5 axb5 21. Qxa8 Bxe5 22. Qxc8+ Ke7 23. Qb7+ Kd6 24. Rc1 { Black resigns
} 1-0

[Event "ICC tourney 2605 (40 5)"]
[Site "Internet Chess Club"]
[Date "2021.06.13"]
[Round "4"]
[White "MOU, IRIS:K09-15794244"]
[Black "REISS, AIDEN:K09-16581243"]
[Result "1-0"]
[ICCResult "Black checkmated"]
[WhiteElo "2059"]
[BlackElo "1853"]
[Opening "Sicilian: closed"]
[ECO "B23"]
[NIC "SI.44"]
[Time "11:00:14"]
[PlyCount "99"]
[TimeControl "2400+5"]

1. e4 c5 2. Nc3 d6 3. d4 cxd4 4. Qxd4 Nc6 5. Qd2 g6 6. b3 Bg7 7. Bb2 Nf6 8.
Bd3 O-O 9. f3 Qa5 10. O-O-O Nd7 11. Nge2 Nc5 12. h4 Nb4 13. Kb1 d5 14. exd5
Ncxd3 15. cxd3 Bf5 16. Nc1 Rac8 17. g4 Nxd3 18. Nxd3 Bxc3 19. Bxc3 Bxd3+
20. Kb2 Qxc3+ 21. Qxc3 Rxc3 22. Kxc3 Be2 23. Rd4 Bxf3 24. Re1 f5 25. gxf5
gxf5 26. Rxe7 f4 27. d6 Bc6 28. d7 Rd8 29. Kd2 f3 30. Ke3 h5 31. Kf2 b5 32.
Rd6 Kf8 33. Rh7 Kg8 34. Rxh5 Bxd7 35. Rhd5 Re8 36. Rxd7 Re6 37. Rg5+ Kh8
38. Rxb5 Re8 39. h5 a5 40. h6 a4 41. bxa4 Re2+ 42. Kxf3 Re8 43. a5 Rf8+ 44.
Kg4 Rg8+ 45. Kh4 Rf8 46. a6 Kg8 47. a7 Rf4+ 48. Kg3 Rf8 49. Rb8 Kh8 50.
Rxf8# { Black checkmated } 1-0

[Event "ICC tourney 2605 (40 5)"]
[Site "Internet Chess Club"]
[Date "2021.06.13"]
[Round "4"]
[White "JIANG, NICHOLAS:K09-15273385"]
[Black "HUSTON, GUS:K09-14921551"]
[Result "0-1"]
[ICCResult "White resigns"]
[WhiteElo "1985"]
[BlackElo "2243"]
[Opening "Giuoco Piano"]
[ECO "C54"]
[NIC "IG.02"]
[Time "11:00:37"]
[PlyCount "88"]
[TimeControl "2400+5"]

1. e4 e5 2. Nf3 Nc6 3. Bc4 Bc5 4. c3 Nf6 5. d3 d6 6. O-O h6 7. Be3 O-O 8.
Nbd2 Re8 9. Re1 a6 10. Bb3 Ba7 11. Nf1 Ne7 12. Ng3 Ng6 13. h3 Be6 14. Bc2
Nh7 15. d4 Ng5 16. Nxg5 hxg5 17. dxe5 Nxe5 18. Bxa7 Rxa7 19. Nf5 g6 20. Nd4
Kg7 21. Qe2 Ra8 22. b3 Rh8 23. Nxe6+ fxe6 24. f3 Qf6 25. Qe3 Raf8 26. Rf1
Qf4 27. Qxf4 gxf4 28. Kf2 Kf6 29. c4 a5 30. a3 a4 31. b4 Nxc4 32. Bxa4 Ra8
33. Rfc1 Ne5 34. Bb5 c6 35. Be2 b5 36. g3 g5 37. Bf1 Rh7 38. Rd1 Ke7 39.
Bg2 Rhh8 40. Rd2 Ra7 41. Bf1 Rf8 42. Be2 Rfa8 43. Rda2 Kf6 44. Bd1 Nd3+ {
White resigns } 0-1

[Event "ICC tourney 2605 (40 5)"]
[Site "Internet Chess Club"]
[Date "2021.06.13"]
[Round "4"]
[White "MARTIN, DREW:K09-16062286"]
[Black "LU, JASON:K09-15264313"]
[Result "0-1"]
[ICCResult "White resigns"]
[WhiteElo "1903"]
[BlackElo "2192"]
[Opening "Sicilian: Najdorf"]
[ECO "B90"]
[NIC "SI.14"]
[Time "11:00:05"]
[PlyCount "102"]
[TimeControl "2400+5"]

1. e4 c5 2. Nf3 d6 3. d4 cxd4 4. Nxd4 Nf6 5. Nc3 a6 6. a4 e6 7. Be2 Qc7 8.
O-O b6 9. Be3 Bb7 10. f3 Be7 11. Kh1 O-O 12. Qd2 Nbd7 13. Rfd1 Rfd8 14. Nb3
d5 15. exd5 Nxd5 16. Nxd5 Bxd5 17. Bf4 Qb7 18. Bd3 Bf6 19. c4 Bxf3 20. gxf3
Qxf3+ 21. Kg1 Nc5 22. Be2 Qxb3 23. Qe3 Qxb2 24. Rab1 Qxb1 25. Rxb1 Bd4 26.
Qxd4 Rxd4 27. Be3 Re4 28. Bf3 Rxe3 29. Bxa8 Nxa4 30. Bc6 b5 31. cxb5 axb5
32. Rxb5 g6 33. Rb8+ Kg7 34. Bxa4 f5 35. Kf2 Rh3 36. Kg2 Rh4 37. Bb3 e5 38.
Rb7+ Kf6 39. Rb6+ Kg5 40. Bd1 Kf4 41. Rb4+ e4 42. Rb2 g5 43. Kg1 Rh3 44.
Kg2 Rd3 45. Rf2+ Ke5 46. Bc2 Rc3 47. Bb1 g4 48. Bc2 h5 49. Bb1 f4 50. Bc2
e3 51. Re2 f3+ { White resigns } 0-1

[Event "ICC tourney 2605 (40 5)"]
[Site "Internet Chess Club"]
[Date "2021.06.13"]
[Round "4"]
[White "WU, WILLIAM:K09-15782241"]
[Black "JUSTICE, DREW:K09-14561797"]
[Result "1-0"]
[ICCResult "Black resigns"]
[WhiteElo "1854"]
[BlackElo "2037"]
[Opening "French: advance, Paulsen attack"]
[ECO "C02"]
[NIC "FR.03"]
[Time "11:00:14"]
[PlyCount "61"]
[TimeControl "2400+5"]

1. e4 e6 2. d4 d5 3. e5 c5 4. c3 Nc6 5. Nf3 Qb6 6. a3 Nh6 7. b4 cxd4 8.
cxd4 Nf5 9. Bb2 Bd7 10. g4 Nfe7 11. Nc3 h5 12. g5 g6 13. h4 Nf5 14. Na4 Qd8
15. Bd3 a5 16. b5 Na7 17. Qb3 b6 18. Nc3 Rc8 19. Bxf5 gxf5 20. a4 Bb4 21.
Ke2 Rc4 22. Rac1 Qc7 23. Nd2 Rxd4 24. Nce4 Qxe5 25. Bxd4 Qxd4 26. Nf6+ Ke7
27. Nf3 Qf4 28. Qxd5 Rd8 29. Rc4 Qb8 30. Qe5 Nxb5 31. Qxb8 { Black resigns
} 1-0

[Event "ICC tourney 2605 (40 5)"]
[Site "Internet Chess Club"]
[Date "2021.06.13"]
[Round "4"]
[White "RAJARAM, ANIKA:K09-15446678"]
[Black "CLEM, THOMAS:K09-15706482"]
[Result "0-1"]
[ICCResult "White checkmated"]
[WhiteElo "1858"]
[BlackElo "891"]
[Opening "Queen's gambit declined"]
[ECO "D30"]
[NIC "QP.08"]
[Time "11:00:11"]
[PlyCount "84"]
[TimeControl "2400+5"]

1. d4 d5 2. c4 e6 3. Nf3 Nf6 4. g3 Bb4+ 5. Bd2 Be7 6. Bg2 c6 7. O-O O-O 8.
Qc2 Nbd7 9. Bf4 b6 10. Nbd2 Nh5 11. Be3 Bb7 12. g4 Nhf6 13. h3 Rc8 14. Bf4
c5 15. Bh2 h5 16. g5 Ne4 17. cxd5 exd5 18. h4 Re8 19. Qd3 Nf8 20. Ne5 Bd6
21. Nxe4 dxe4 22. Bxe4 Bxe4 23. Qxe4 cxd4 24. Qf5 Bxe5 25. Bxe5 Rc5 26. f4
Ng6 27. Qh3 Nxe5 28. fxe5 Rcxe5 29. Qf3 Qd7 30. Rad1 Rxe2 31. Rf2 R2e4 32.
Rh2 g6 33. Rf1 d3 34. Rd1 Re1+ 35. Rxe1 Rxe1+ 36. Kg2 d2 37. Qa8+ Kg7 38.
Qf3 d1=Q 39. Qxd1 Rxd1 40. Rh3 Qg4+ 41. Rg3 Qe2+ 42. Kh3 Rh1# { White
checkmated } 0-1

[Event "ICC tourney 2605 (40 5)"]
[Site "Internet Chess Club"]
[Date "2021.06.13"]
[Round "4"]
[White "MALLADI, SADKRITH:K09-15797710"]
[Black "SHRIGADI, ARYAN:K09-15491764"]
[Result "1-0"]
[ICCResult "Black resigns"]
[WhiteElo "1897"]
[BlackElo "1454"]
[Opening "Sicilian: closed"]
[ECO "B23"]
[NIC "SI.44"]
[Time "11:00:08"]
[PlyCount "145"]
[TimeControl "2400+5"]

1. e4 c5 2. Nc3 d6 3. f4 e6 4. Nf3 Be7 5. Bb5+ Nc6 6. Bxc6+ bxc6 7. O-O Nf6
8. d3 O-O 9. Qe1 Re8 10. e5 dxe5 11. Nxe5 Bb7 12. Qf2 Nd5 13. Ne4 f6 14.
Nc4 Nb4 15. Be3 Qd5 16. a3 Na6 17. Rad1 e5 18. Na5 exf4 19. Bxf4 f5 20.
Nxb7 fxe4 21. dxe4 Qxe4 22. Nd6 Bxd6 23. Bxd6 Qe3 24. Rfe1 Qxf2+ 25. Kxf2
Rxe1 26. Rxe1 Rd8 27. Be5 Rd2+ 28. Re2 Rd5 29. Bc3 Kf7 30. Re4 Rf5+ 31. Kg3
Nc7 32. Rf4 Rxf4 33. Kxf4 Nd5+ 34. Ke5 Nxc3 35. bxc3 Ke7 36. g4 Kd7 37. h4
Ke7 38. g5 Kd7 39. h5 Ke7 40. c4 h6 41. gxh6 gxh6 42. Kf5 Kf7 43. a4 a5 44.
c3 Ke7 45. Kg6 Ke6 46. Kxh6 Kf6 47. Kh7 Kf7 48. h6 Kf8 49. Kg6 Kg8 50. h7+
Kh8 51. Kf6 Kxh7 52. Ke6 Kg6 53. Kd6 Kf6 54. Kxc5 Ke6 55. Kxc6 Ke7 56. Kb6
Kd7 57. c5 Kd8 58. Kb7 Kd7 59. c6+ Kd6 60. c7 Kc5 61. c8=Q+ Kd5 62. Qc6+
Ke5 63. Qd7 Ke4 64. Qd6 Ke3 65. Qd5 Ke2 66. Qd4 Kf3 67. Qe5 Kg4 68. Qf6 Kg3
69. Qf5 Kh2 70. Qg4 Kh1 71. Kc6 Kh2 72. Kd5 Kh1 73. Ke4 { Black resigns }
1-0

[Event "ICC tourney 2605 (40 5)"]
[Site "Internet Chess Club"]
[Date "2021.06.13"]
[Round "4"]
[White "LUO, TERRY:K09-15210186"]
[Black "MEI, AUSTIN R:K09-16090452"]
[Result "1-0"]
[ICCResult "Black resigns"]
[WhiteElo "2232"]
[BlackElo "2149"]
[Opening "Budapest: Adler variation"]
[ECO "A52"]
[NIC "QG.01"]
[Time "11:01:20"]
[PlyCount "137"]
[TimeControl "2400+5"]

1. d4 Nf6 2. c4 e5 3. dxe5 Ng4 4. Nf3 Bc5 5. e3 Nc6 6. Be2 Ngxe5 7. Nxe5
Nxe5 8. O-O O-O 9. Nc3 Re8 10. b3 a5 11. Bb2 Ra6 12. Ne4 Ba7 13. Ng3 Qh4
14. Bd4 c5 15. Bc3 Rh6 16. h3 d6 17. Bxe5 Rxe5 18. Re1 Rg5 19. Bf3 d5 20.
Bxd5 Bb8 21. Qf3 Be6 22. Bxe6 Rxe6 23. Rad1 Re8 24. Rd7 f6 25. Nf5 Qe4 26.
Qxe4 Rxe4 27. Rd8+ Kf7 28. Rxb8 Rxf5 29. Rxb7+ Re7 30. Rb5 Ra7 31. a4 g5
32. Rd1 Re5 33. Rd5 Rxd5 34. cxd5 Ke7 35. Rxc5 Kd6 36. Rb5 h5 37. g3 g4 38.
hxg4 hxg4 39. Kg2 f5 40. f3 Ke5 41. d6+ Kxd6 42. Rxf5 gxf3+ 43. Kxf3 Rb7
44. Rb5 Rf7+ 45. Ke2 Rg7 46. Rxa5 Rxg3 47. Rb5 Rg2+ 48. Kd3 Kc6 49. e4 Rg1
50. e5 Rg4 51. Kc3 Rh4 52. Kb2 Rg4 53. Ka3 Rh4 54. Rb4 Rh5 55. Re4 Kd5 56.
Re1 Rxe5 57. Rxe5+ Kxe5 58. Kb4 Kd6 59. Ka5 Kc7 60. Ka6 Kb8 61. b4 Ka8 62.
b5 Kb8 63. b6 Ka8 64. b7+ Kb8 65. a5 Kc7 66. Ka7 Kc6 67. b8=Q Kc5 68. a6
Kc4 69. Kb7 { Black resigns } 1-0

[Event "ICC tourney 2605 (40 5)"]
[Site "Internet Chess Club"]
[Date "2021.06.13"]
[Round "4"]
[White "NAVEEN, AARUSH:K09-16031675"]
[Black "PETERSON, RYAN HARADA:K09-14901322"]
[Result "1-0"]
[ICCResult "Black checkmated"]
[WhiteElo "1693"]
[BlackElo "2016"]
[Opening "Giuoco Piano"]
[ECO "C54"]
[NIC "IG.02"]
[Time "11:01:00"]
[PlyCount "95"]
[TimeControl "2400+5"]

1. e4 e5 2. Nf3 Nc6 3. Bc4 Bc5 4. c3 Nf6 5. d3 d6 6. O-O a6 7. Nbd2 Ba7 8.
Re1 O-O 9. Nf1 Ne7 10. Ng3 Ng6 11. h3 Re8 12. Ng5 Be6 13. Nxe6 fxe6 14. Be3
d5 15. exd5 exd5 16. Bb3 c6 17. Qd2 Qd7 18. Bg5 Rf8 19. d4 e4 20. Nxe4 Nxe4
21. Rxe4 h6 22. Bxh6 gxh6 23. Qxh6 Qg7 24. Qe3 Kh8 25. Rg4 Rae8 26. Qg5 Re6
27. Bc2 Rff6 28. h4 Bb8 29. Bf5 Rxf5 30. Qxf5 Qe7 31. g3 Rf6 32. Qg5 Qf7
33. h5 Nf8 34. Re1 Ne6 35. Qxf6+ Qxf6 36. Rg6 Qf5 37. Rexe6 Qb1+ 38. Kg2
Qf5 39. Re8+ Kh7 40. Rxb8 Qe4+ 41. Kh2 Qf3 42. Rxb7+ Kh8 43. Kg1 Qxh5 44.
Re6 Kg8 45. Ree7 Qd1+ 46. Kg2 Qh5 47. Rb8+ Qe8 48. Rbxe8# { Black
checkmated } 1-0

[Event "ICC tourney 2605 (40 5)"]
[Site "Internet Chess Club"]
[Date "2021.06.13"]
[Round "4"]
[White "SCHOENBAUER, JAKE:K09-16875594"]
[Black "MENON, GAURI:K09-15187152"]
[Result "1-0"]
[ICCResult "Black checkmated"]
[WhiteElo "1299"]
[BlackElo "1960"]
[Opening "Vienna gambit"]
[ECO "C29"]
[NIC "VG.03"]
[Time "11:00:16"]
[PlyCount "101"]
[TimeControl "2400+5"]

1. e4 e5 2. Nc3 Nf6 3. f4 d5 4. fxe5 Nxe4 5. Nf3 Nc6 6. Bb5 Bc5 7. d4 Bb4
8. Bd2 O-O 9. Bxc6 bxc6 10. Nxe4 dxe4 11. Bxb4 exf3 12. Qxf3 Re8 13. O-O-O
Be6 14. Kb1 a5 15. Bc5 Bd5 16. Qg3 Qc8 17. h4 Qe6 18. a3 Reb8 19. h5 Be4
20. h6 Bg6 21. Qc3 Rb3 22. Qd2 Rab8 23. Ka1 Rxb2 24. d5 cxd5 25. Rb1 Rxb1+
26. Rxb1 Rxb1+ 27. Kxb1 gxh6 28. Qxa5 Qxe5 29. Qa8+ Kg7 30. Qf8+ Kf6 31.
Bd4 Qxd4 32. Qh8+ Ke6 33. Qxd4 f5 34. Qe3+ Kd6 35. Qxh6 d4 36. Qd2 c5 37.
a4 Kd5 38. a5 c4 39. Kb2 d3 40. cxd3 cxd3 41. Qxd3+ Kc5 42. Qe3+ Kb5 43.
Qd2 Ka6 44. Ka3 Ka7 45. Qe2 Ka8 46. a6 Ka7 47. Ka4 Ka8 48. Ka5 Ka7 49. Qe7+
Ka8 50. Kb6 Kb8 51. Qb7# { Black checkmated } 1-0

[Event "ICC tourney 2605 (40 5)"]
[Site "Internet Chess Club"]
[Date "2021.06.13"]
[Round "4"]
[White "SILVA, JAVIER:K09-16089208"]
[Black "SHUMAN, NATHANIEL LANDE:K09-14782020"]
[Result "0-1"]
[ICCResult "White resigns"]
[WhiteElo "1864"]
[BlackElo "2133"]
[Opening "Sicilian: Alapin's variation (2.c3)"]
[ECO "B22"]
[NIC "SI.46"]
[Time "11:00:25"]
[PlyCount "92"]
[TimeControl "2400+5"]

1. e4 c5 2. c3 d5 3. exd5 Qxd5 4. d4 g6 5. Nf3 Bg7 6. dxc5 Qxc5 7. Be3 Qa5
8. Bc4 Nh6 9. Qd5 Qxd5 10. Bxd5 Nf5 11. Bf4 O-O 12. O-O Nd7 13. Na3 e5 14.
Bg3 Nb6 15. Bb3 Nxg3 16. hxg3 Bd7 17. Rfe1 Rfe8 18. Nc4 Nxc4 19. Bxc4 Bc6
20. Rad1 Rab8 21. Bd5 h6 22. Bxc6 bxc6 23. b3 c5 24. Nd2 f5 25. Nc4 e4 26.
Rd7 Bxc3 27. Rc1 Bd4 28. Rxa7 Ra8 29. Rxa8 Rxa8 30. Rc2 Kf7 31. Nb6 Ra6 32.
Na4 Ra5 33. Kf1 Ke6 34. Ke2 g5 35. Rc1 Ke5 36. f3 Kd5 37. Rc2 Ra6 38. Rd2
Kc6 39. Rc2 Kb5 40. Rc1 Re6 41. Nc3+ Kb4 42. Nd5+ Ka3 43. Rc2 exf3+ 44.
Kxf3 Re5 45. Nb6 Re3+ 46. Kf2 Rc3+ { White resigns } 0-1

[Event "ICC tourney 2605 (40 5)"]
[Site "Internet Chess Club"]
[Date "2021.06.13"]
[Round "4"]
[White "ZONG, DAVIS:K09-14980186"]
[Black "SINGH, HERSH:K09-15024326"]
[Result "0-1"]
[ICCResult "White resigns"]
[WhiteElo "2270"]
[BlackElo "2251"]
[Opening "Catalan: open, 5.Nf3"]
[ECO "E04"]
[NIC "CA.03"]
[Time "11:00:13"]
[PlyCount "114"]
[TimeControl "2400+5"]

1. d4 Nf6 2. c4 e6 3. g3 d5 4. Bg2 dxc4 5. Nf3 Nc6 6. O-O Rb8 7. Bg5 Be7 8.
e3 Nd5 9. Bxe7 Qxe7 10. Nfd2 b5 11. b3 Ba6 12. Ne4 O-O 13. Qe2 Ncb4 14. Nc5
Rb6 15. Nxa6 Rxa6 16. bxc4 bxc4 17. Rc1 Nb6 18. Nd2 Rxa2 19. Rxa2 Nxa2 20.
Rc2 Nb4 21. Rc1 e5 22. dxe5 Nd3 23. Ra1 Rd8 24. Rxa7 Qxe5 25. Ra3 Qb2 26.
Ra7 c3 27. Rxc7 Qxd2 28. Qf3 Ne5 29. Qf5 Qd1+ 30. Bf1 Qd5 31. e4 Qd4 32. h4
Rd7 33. Rxd7 Nbxd7 34. Kg2 g6 35. Qf4 Nc5 36. f3 Qd2+ 37. Qxd2 cxd2 38. Be2
Na4 39. Kf2 Nc3 40. f4 Nd7 41. e5 d1=Q 42. Bxd1 Nxd1+ 43. Ke2 Nc3+ 44. Kd3
Nd5 45. Kd4 Nc7 46. Ke4 Kg7 47. g4 Ne6 48. f5 gxf5+ 49. gxf5 Nec5+ 50. Kd5
Nxe5 51. Kxe5 f6+ 52. Kd5 Nd7 53. Ke6 Ne5 54. Ke7 h5 55. Ke6 Nf3 56. Kd5
Nxh4 57. Ke4 Kh6 { White resigns } 0-1

[Event "ICC tourney 2605 (40 5)"]
[Site "Internet Chess Club"]
[Date "2021.06.13"]
[Round "4"]
[White "ZHU, JENNY:K09-15942700"]
[Black "SETHURAMAN, SANDEEP:K09-15472832"]
[Result "0-1"]
[ICCResult "White resigns"]
[WhiteElo "1959"]
[BlackElo "2194"]
[Opening "QGD semi-Slav: accelerated Meran (Alekhine variation)"]
[ECO "D45"]
[NIC "SL.08"]
[Time "11:00:08"]
[PlyCount "70"]
[TimeControl "2400+5"]

1. d4 d5 2. c4 c6 3. Nc3 Nf6 4. e3 e6 5. Nf3 a6 6. Qc2 c5 7. cxd5 exd5 8.
Be2 Be6 9. O-O Nc6 10. Rd1 Nb4 11. Qd2 Ne4 12. Nxe4 dxe4 13. Ne5 cxd4 14.
exd4 Bd6 15. a3 Nd5 16. Qc2 f5 17. Bc4 b5 18. Ba2 Rc8 19. Qe2 O-O 20. b4
Kh8 21. Qh5 Qe8 22. Qxe8 Rfxe8 23. Bxd5 Bxd5 24. Bf4 Bb8 25. Rdc1 Ba7 26.
Be3 Red8 27. g3 Kg8 28. Rxc8 Rxc8 29. Nd7 Rc4 30. Nc5 Bb6 31. Kf1 a5 32.
Rb1 Rc3 33. bxa5 Bxa5 34. Rxb5 Bc4+ 35. Kg2 Bxb5 { White resigns } 0-1

[Event "ICC tourney 2605 (40 5)"]
[Site "Internet Chess Club"]
[Date "2021.06.13"]
[Round "4"]
[White "HE, STEPHEN:K09-14726703"]
[Black "LYU, ETHANTOBY:K09-16195991"]
[Result "0-1"]
[ICCResult "White forfeits on time"]
[WhiteElo "2066"]
[BlackElo "1838"]
[Opening "Sicilian: Labourdonnais-Löwenthal variation"]
[ECO "B32"]
[NIC "SI.32"]
[Time "11:00:08"]
[PlyCount "86"]
[TimeControl "2400+5"]

1. e4 c5 2. Nf3 Nc6 3. d4 cxd4 4. Nxd4 e5 5. Nb3 Nf6 6. Nc3 Bb4 7. Bd3 d5
8. exd5 Nxd5 9. Bd2 Bxc3 10. bxc3 O-O 11. O-O Kh8 12. c4 Nb6 13. f4 f5 14.
fxe5 Nxe5 15. Qe2 Nc6 16. Qh5 Qf6 17. Rae1 Be6 18. Nc5 Bxc4 19. Rxf5 g6 20.
Rxf6 gxh5 21. Rxf8+ Rxf8 22. Bc3+ Kg8 23. Nd7 Rd8 24. Nf6+ Kf7 25. Bxh7 Na4
26. Ba1 Bxa2 27. Nxh5 Rd2 28. Nf4 Ne7 29. h4 Bd5 30. h5 Nc5 31. Bg6+ Kf8
32. h6 Nxg6 33. Nxg6+ Kg8 34. Ne7+ Kh7 35. Nxd5 Rxd5 36. Bg7 Rd6 37. Bf8
Rc6 38. Re7+ Kh8 39. Rf7 a5 40. Be7 Ne4 41. Bd8 Rxh6 42. Bxa5 Rc6 43. Rxb7
Rxc2 { White forfeits on time } 0-1

[Event "ICC tourney 2605 (40 5)"]
[Site "Internet Chess Club"]
[Date "2021.06.13"]
[Round "4"]
[White "SAMMONS, EVAN:K09-16792076"]
[Black "PAN, KEVIN:K09-14740822"]
[Result "0-1"]
[ICCResult "White checkmated"]
[WhiteElo "1966"]
[BlackElo "2260"]
[Opening "QGD: exchange, positional line"]
[ECO "D35"]
[NIC "QO.16"]
[Time "11:00:12"]
[PlyCount "76"]
[TimeControl "2400+5"]

1. d4 d5 2. c4 e6 3. Nc3 Nf6 4. cxd5 exd5 5. Bg5 Be7 6. e3 c6 7. Bd3 Nbd7
8. Qc2 Nh5 9. Bxe7 Qxe7 10. Nge2 g6 11. O-O Nb6 12. Rab1 Ng7 13. b4 Bf5 14.
b5 O-O 15. bxc6 bxc6 16. Bxf5 Nxf5 17. Na4 Nc4 18. Qd3 Rfe8 19. Ng3 Nfd6
20. Nc5 h5 21. h3 Qg5 22. Ne2 Re7 23. Nf4 Rae8 24. Rbe1 Nf5 25. Nb3 Re4 26.
Nc5 Nh4 27. Nxe4 Rxe4 28. g3 Nf3+ 29. Kg2 Nxe1+ 30. Rxe1 h4 31. Qc3 hxg3
32. fxg3 Nd6 33. Rf1 Nf5 34. g4 Nxe3+ 35. Kh2 Nxf1+ 36. Kg1 Qxf4 37. Qxc6
Qg3+ 38. Kxf1 Re1# { White checkmated } 0-1

[Event "ICC tourney 2605 (40 5)"]
[Site "Internet Chess Club"]
[Date "2021.06.13"]
[Round "4"]
[White "KE, RIANNE:K09-15179208"]
[Black "MAHESHWARI, JAYANT:K09-14966376"]
[Result "1/2-1/2"]
[ICCResult "Game drawn by repetition"]
[WhiteElo "2002"]
[BlackElo "2059"]
[Opening "Ruy Lopez: closed, 7...O-O"]
[ECO "C88"]
[NIC "RL.17"]
[Time "11:01:00"]
[PlyCount "75"]
[TimeControl "2400+5"]

1. e4 e5 2. Nf3 Nc6 3. Bb5 a6 4. Ba4 Nf6 5. O-O Be7 6. Re1 b5 7. Bb3 O-O 8.
h3 Bb7 9. c3 d5 10. exd5 Nxd5 11. d4 exd4 12. cxd4 Bb4 13. Bd2 Qd6 14. Nc3
Bxc3 15. bxc3 Na5 16. Rb1 Nxb3 17. Qxb3 Nb6 18. Ne5 Bd5 19. Qc2 f6 20. c4
fxe5 21. cxd5 Nxd5 22. Rxe5 Rae8 23. Rbe1 Rxe5 24. Rxe5 c6 25. Bg5 h6 26.
Bc1 Nb6 27. Qe4 Qf6 28. Be3 Nd5 29. Re6 Qf7 30. Rxc6 Nxe3 31. Qxe3 Qxa2 32.
Re6 b4 33. Re8 Qf7 34. Re7 Qd5 35. Re8 Qf7 36. Re7 Qd5 37. Re8 Qf7 38. Re7
{ Game drawn by repetition } 1/2-1/2

[Event "ICC tourney 2605 (40 5)"]
[Site "Internet Chess Club"]
[Date "2021.06.13"]
[Round "4"]
[White "MCQUILLIN, DANIL ALSANDAIR:K09-15050406"]
[Black "MUNDAYAT, ABINAV RAJIV:K09-15264747"]
[Result "1-0"]
[ICCResult "Black resigns"]
[WhiteElo "1193"]
[BlackElo "2109"]
[Opening "English: four knights, kingside fianchetto"]
[ECO "A29"]
[NIC "EO.03"]
[Time "11:00:26"]
[PlyCount "153"]
[TimeControl "2400+5"]

1. c4 e5 2. Nc3 Nf6 3. Nf3 Nc6 4. g3 d5 5. cxd5 Nxd5 6. Bg2 Nb6 7. b3 Be7
8. Bb2 O-O 9. O-O Be6 10. d4 exd4 11. Nb5 Bd5 12. Nbxd4 Nxd4 13. Bxd4 Bf6
14. Bxf6 Qxf6 15. Qd4 Qe7 16. e3 Rfe8 17. Rac1 c6 18. Rfd1 Qa3 19. Rc2 Qe7
20. Qf4 Be4 21. Rcd2 Nd5 22. Qh4 f6 23. Rd4 Bg6 24. Qg4 Rad8 25. Nh4 Bc2
26. Nf5 Bxf5 27. Qxf5 Nxe3 28. fxe3 Qxe3+ 29. Qf2 Rxd4 30. Rxd4 Qc1+ 31.
Bf1 b5 32. Kg2 Re7 33. Qd2 Qc5 34. Rd8+ Kf7 35. Rd7 a6 36. Rxe7+ Qxe7 37.
Bd3 g6 38. Qe2 Qd6 39. Qe4 Qa3 40. Qxc6 Qxa2+ 41. Qc2 Qa3 42. Be4 Kg7 43.
h4 Qd6 44. Qd3 Qe5 45. Qd5 Qb2+ 46. Kh3 Qf2 47. Qb7+ Kh6 48. Qd5 f5 49. Bf3
Kg7 50. Qe5+ Kh6 51. Qf4+ Kg7 52. h5 Qf1+ 53. Bg2 Qxf4 54. gxf4 gxh5 55. b4
Kf6 56. Bb7 Ke6 57. Bxa6 Kd5 58. Bxb5 Ke4 59. Kg3 h4+ 60. Kxh4 Kxf4 61. Bc6
Ke5 62. b5 h6 63. b6 Kd6 64. b7 Kc7 65. Bf3 Kb8 66. Kh5 Kc7 67. Kxh6 Kb8
68. Kg5 Kc7 69. Kxf5 Kb8 70. Ke5 Kc7 71. Kd4 Kb8 72. Kc5 Kc7 73. Bg2 Kb8
74. Kb5 Ka7 75. Kc6 Kb8 76. Bh1 Ka7 77. Kc7 { Black resigns } 1-0